 Dungeon Crawl Stone Soup version 0.28.0 (webtiles) character file.

Game seed: 7961685713840387614

764 tizbic2 the Basher (level 7, -5/57 HPs)
             Began as a Hill Orc Monk on Feb 6, 2022.
             Was a Believer of Beogh.
             Slain by a gnoll (8 damage)
             ... on level 4 of the Dungeon.
             The game lasted 00:22:16 (4737 turns).

tizbic2 the Basher (Hill Orc Monk)                  Turns: 4737, Time: 00:22:17

Health: -5/57      AC: 15    Str: 16    XL:     7   Next: 81%
Magic:  11/11      EV:  5    Int: 10    God:    Beogh [**....]
Gold:   194        SH:  0    Dex: 15    Spells: 6/6 levels left

rFire   . . .      SeeInvis .   w - +0 mace (protect)
rCold   . . .      Faith    .   (no shield)
rNeg    + . .      Spirit   .   k - +0 plate armour
rPois   .          Reflect  .   (no helmet)
rElec   +          Harm     .   (no cloak)
rCorr   .          Rampage  .   (no gloves)
Will    .....                   b - +0 pair of boots
Stlth   ..........              a - amulet of magic regeneration
HPRegen 0.19/turn               j - ring of Evvupsal {rElec rN+ AC+4}
MPRegen 0.52/turn               (no ring)

@: lit by a corona, glowing
A: agile 1, wild magic 1, no potion heal 1
a: Renounce Religion, Smiting


You were on level 4 of the Dungeon.
You worshipped Beogh.
Beogh was pleased with you.
You visited 1 branch of the dungeon, and saw 4 of its levels.

You collected 194 gold pieces.

Inventory:

Hand Weapons
 g - a +1 hand axe of flaming
 i - a +0 dagger of draining
 n - a +0 dagger of venom
 q - a +0 fustibalus
 w - a +0 mace of protection (weapon)
Missiles
 c - 80 stones (quivered)
 f - 8 poisoned darts
 l - 24 bolts
Armour
 b - a +0 pair of boots (worn)
 k - a +0 plate armour (worn)
Jewellery
 a - an amulet of magic regeneration (around neck)
 j - the ring of Evvupsal (left hand) {rElec rN+ AC+4}
   (You found it on level 2 of the Dungeon)

   [ring of protection]

   AC:        It affects your AC (+4).
   rElec:     It insulates you from electricity.
   rN:        It protects you from negative energy.
Scrolls
 d - a scroll of identify {unknown}
 h - a scroll of magic mapping
Potions
 m - a potion of haste {unknown}


   Skills:
 - Level 3.6 Fighting
 * Level 8.2 Maces & Flails
 - Level 2.4 Dodging
 - Level 1.5 Stealth
 + Level 6.1 Invocations


You had 6 spell levels left.
You didn't know any spells.
Your spell library contained the following spells:

 Spells                   Type           Power      Damage    Failure   Level
 Frozen Ramparts          Ice            0%         1d2       100%        3
 Ice Form                 Ice/Tmut       0%         N/A       100%        4
 Summon Ice Beast         Ice/Summ       0%         N/A       100%        4


Dungeon Overview and Level Annotations

Branches:
Dungeon (4/15)
 Temple: D:4-7

Altars:

Shops:
D:2 :


Innate Abilities, Weirdness & Mutations

You are agile. (Dex +2)
Your spells are a little harder to cast, but a little more powerful.
Potions are less effective at restoring your health.


Message History

You kill the gnoll!
Beogh accepts your kill.
The gnoll shaman hits you with a +0 club.
You hit the gnoll but do no damage. The gnoll hits you but does no damage.
The gnoll barely misses you.
You hit the gnoll.
The gnoll is moderately wounded.
The gnoll barely misses you.
The gnoll shaman calls down the wrath of its god upon you.
You are outlined in light.
The gnoll hits you but does no damage.
It was a potion of mutation.
You feel extremely strange.
Your system partially rejects the healing effects of potions.
You feel agile.
You feel less in control of your magic. The gnoll hits you but does no damage.
The gnoll shaman hits you but does no damage.
The gnoll barely misses you.
You barely miss the gnoll.
The gnoll is moderately wounded.
The gnoll hits you from afar with a +0 halberd!
The gnoll shaman hits you but does no damage.
The gnoll hits you with a +0 falchion.
You closely miss the gnoll shaman. The gnoll hits you but does no damage.
The gnoll shaman completely misses you.
The gnoll hits you but does no damage. x3
You closely miss the gnoll shaman.
The gnoll hits you from afar with a +0 halberd!
* * * LOW HITPOINT WARNING * * *
The gnoll shaman hits you but does no damage.
The gnoll hits you but does no damage. The gnoll barely misses you.
The gnoll hits you from afar with a +0 spear.
* * * LOW HITPOINT WARNING * * *
The gnoll shaman calls upon its god to speed up the gnoll.
The gnoll seems to speed up.
The gnoll hits you with a +0 halberd!
* * * LOW HITPOINT WARNING * * *
The gnoll shaman hits you but does no damage.
The gnoll hits you with a +0 whip.
* * * LOW HITPOINT WARNING * * *
The gnoll hits you but does no damage. The gnoll hits you with a +0 halberd!
You die...

#....'.....#.....#...#.#
#....####'#†....)......#
#..........).........###
##...................#
#......).)#.....#####
#...............#
##...###.....#### #...#
#....g###### #...#
#..@gg.....# #...#
####.g.....# #...
#.g.....# ## #.......#
#.......# #.......#
#########


You could see a gnoll shaman and 4 gnolls.

Vanquished Creatures
  An orc warrior (D:3)
  An ice beast (D:4)
  A necrophage (D:3)
  A scorpion (D:3)
  A water moccasin skeleton (D:4)
  A gnoll shaman (D:4)
  An orc priest (D:3)
  An iguana (D:3)
  5 gnolls (D:4)
  14 adders
  A worm (D:2)
  3 dart slugs
  9 orcs
  10 ball pythons
  11 bats
  10 endoplasms
  3 giant cockroaches
  13 goblins
  11 hobgoblins
  4 jackals (D:1)
  3 quokkas
  5 frilled lizards
  6 kobolds
  3 rats
119 creatures vanquished.

Vanquished Creatures (others)
  2 ball pythons (D:3)
  A bat (D:3)
  A fungus (D:1)
  A plant (D:1)
5 creatures vanquished.

Grand Total: 124 creatures vanquished

Notes
Turn   | Place    | Note
-------+----------+-------------------------------------------
     0 | D:1      | tizbic2 the Hill Orc Monk began the quest for the Orb.
     0 | D:1      | Reached XP level 1. HP: 19/19 MP: 1/1
   133 | D:1      | Reached skill level 1 in Invocations
   133 | D:1      | Reached XP level 2. HP: 23/26 MP: 2/2
   303 | D:1      | Reached skill level 4 in Maces & Flails
   532 | D:1      | Reached XP level 3. HP: 27/30 MP: 4/4
   844 | D:1      | Found a faded altar of an unknown god.
  1260 | D:2      | Identified the ring of Evvupsal {rElec rN+ AC+4}
  1363 | D:2      | Found Dapeuhig's Book Boutique.
  1455 | D:2      | Reached XP level 4. HP: 39/39 MP: 5/5
  1621 | D:2      | Reached skill level 5 in Maces & Flails
  2180 | D:2      | Reached XP level 5. HP: 45/45 MP: 7/7
  2665 | D:3      | Became a worshipper of Beogh the Brigand
  2665 | D:3      | Reached * piety under Beogh
  2665 | D:3      | Reached ** piety under Beogh
  2871 | D:3      | Noticed a necrophage
  2894 | D:3      | Killed a necrophage
  2895 | D:3      | Reached skill level 6 in Maces & Flails
  2895 | D:3      | Reached XP level 6. HP: 46/51 MP: 7/9
  3647 | D:4      | Noticed an orc warrior
  3795 | D:3      | Reached skill level 7 in Maces & Flails
  3926 | D:3      | Killed an orc warrior
  3927 | D:3      | Reached skill level 5 in Invocations
  3927 | D:3      | Reached XP level 7. HP: 9/57 MP: 4/10
  4422 | D:4      | Reached skill level 8 in Maces & Flails
  4731 | D:4      | Gained mutation: Potions are less effective at restoring
                  | your health. [potion of mutation]
  4731 | D:4      | Gained mutation: You are agile. (Dex +2) [potion of
                  | mutation]
  4731 | D:4      | Gained mutation: Your spells are a little harder to cast,
                  | but a little more powerful. [potion of mutation]
  4736 | D:4      | HP: 2/57 [gnoll (1)]
  4737 | D:4      | Slain by a gnoll

Illustrated notes

Levels and vault maps discovered:
D:1:      sevenhm_arrival_forest_fort_small_3, layout_loops_ring,
          shapermc_ecumenical_altar_ellora, minmay_quantized
D:2:      minmay_recursive_quarters, layout_loops_corners, serial_shops, shop
D:3:      minmay_spotlight, layout_basic, kennysheep_cross_bottleneck
D:4:      layout_basic, serial_glass, glass_columns_a, glass_columns_a

Skill      XL: |  1  2  3  4  5  6  7 |
---------------+----------------------+-----
Invocations    | 1 2 3 4 5 6 |  6.1
Maces & Flails | 4 5 6 7 8 |  8.2
Fighting       | |  3.6
Dodging        | |  2.4
Stealth        | |  1.5

Action                   |  1- 3 |  4- 6 |  7- 9 || total
-------------------------+-------+-------+-------++-------
Melee: Mace              |    25 |   155 |    58 ||   238
       Punch             |     1 |     5 |     1 ||     7
       Dagger            |    78 |    91 |       ||   169
       Hand axe          |       |       |    37 ||    37
 Fire: Fustibalus        |       |     4 |       ||     4
Throw: Stone             |    47 |    10 |     1 ||    58
       Dart              |     6 |    17 |     8 ||    31
Invok: Convert to Beogh  |       |     1 |       ||     1
       Smiting           |       |     4 |       ||     4
  Use: Potion            |       |     3 |     1 ||     4
       Scroll            |       |     4 |       ||     4
 Stab: Sleeping          |     3 |     3 |       ||     6
Armor: Robe              |    20 |    40 |       ||    60
       Ring mail         |       |    54 |       ||    54
       Plate armour      |       |       |    71 ||    71
Dodge: Dodged            |    51 |   141 |    17 ||   209
